 Dungeon Crawl Stone Soup version 0.21-a0-143-g1ab7d47 (webtiles) character file.

384 grindst0ne the Skirmisher (level 6, -1/57 HPs)
             Began as a Hill Orc Abyssal Knight on July 25, 2017.
             Was a Believer of Lugonu.
             Slain by a killer bee (2 damage)
             ... on level 3 of the Dungeon.
             The game lasted 00:05:01 (1885 turns).

grindst0ne the Skirmisher (Hill Orc Abyssal Knight) Turns: 1885, Time: 00:05:02

Health: -1/57      AC:  8    Str: 17    XL:     6   Next: 77%
Magic:  5/10       EV: 15    Int: 12    God:    Lugonu [**....]
Gold:   155        SH:  0    Dex: 15    Spells: 5/5 levels left

rFire    . . .     SeeInvis .   a - +1 hand axe
rCold    . . .     Gourm    .   (no shield)
rNeg     . . .     Faith    .   i - +0 ring mail (curse)
rPois    .         Spirit   .   g - +0 helmet
rElec    .         Reflect  .   (no cloak)
rCorr    .         Harm     .   m - +1 pair of gloves
MR       .....                  (no boots)
Stlth    ++........             (no amulet)
HPRegen  0.19/turn              o - ring of flight
MPRegen  0.12/turn              (no ring)

@: agile, lethally poisoned (-1 -> -1)
A: no striking features
a: Depart the Abyss, Bend Space, Renounce Religion, Evoke Flight


You were on level 3 of the Dungeon.
You worshipped Lugonu.
Lugonu was pleased with you.
You were hungry.

You visited 1 branch of the dungeon, and saw 3 of its levels.
You visited the Abyss 1 time.

You collected 155 gold pieces.

Inventory:

Hand Weapons
 a - a +1 hand axe (weapon)
Armour
 b - a +0 leather armour
 f - a +0 chain mail
 g - a +0 helmet (worn)
 i - a cursed +0 ring mail (worn)
 m - a +1 pair of gloves (worn)
 t - a +0 scale mail
Jewellery
 o - a ring of flight (left hand)
Wands
 n - a wand of confusion (43/48)
 r - a wand of random effects (28/48)
Scrolls
 e - a scroll of amnesia
 l - a scroll of identify
Potions
 j - 2 potions of degeneration
 p - a potion of brilliance
Comestibles
 c - a bread ration
 d - 3 chunks of flesh
 h - 2 meat rations


   Skills:
 + Level 5.9 Fighting
 + Level 5.7 Axes
 - Level 2.2 Armour
 - Level 0.7 Dodging
 + Level 5.5 Invocations


You had 5 spell levels left.
You didn't know any spells.

Dungeon Overview and Level Annotations

Branches:
Dungeon (3/15)

Altars:
Kikubaaqudgha


Message History

* * * LOW HITPOINT WARNING * * *
Okay, then.
You feel sick. The killer bee closely misses you.
There is an open door here.
Okay, then.
Okay, then.
Space bends around you!
You blink.
The killer bee completely misses you. x2
Found a stone staircase leading down.
Space bends around you!
You blink.
You feel sick.
The killer bee stings you but does no damage.
Space bends around you!
You blink.
You feel sick. Space bends around you!
You blink.
The killer bee stings you but does no damage.
Space bends sharply around you!
The killer bee blinks!
You blink.
You don't have enough health at the moment.
You don't have enough health at the moment.
* * * LOW HITPOINT WARNING * * *
You feel sick. The killer bee stings you.
You die...

#.......########.#
#.......# #.#
####.#### #.# #.#
#.# # ####.# ##+##
#....# ##...##
##.###### ##.....##
#........
##..@y...##
#...####.
#...yy....###....##
+........§'.......#
#.........###.....#
##..§§...## #.#.#.#
##.....## #.###.#
##...## #.. . ##'##
### # #.#


You could see 3 killer bees.

Vanquished Creatures
  Sigmund (D:2)
  2 killer bees (D:3)
  Terence (D:3)
  Natasha (D:3)
  Robin (D:3)
  2 worms (D:2)
  An orc (D:3)
  2 giant cockroaches
  13 goblins
  12 hobgoblins
  4 jackals (D:2)
  A quokka (D:3)
  A ball python (D:1)
  10 bats
  4 frilled lizards
  8 kobolds
  8 rats
  A fungus (D:3)
73 creatures vanquished.

Vanquished Creatures (others)
  A human (D:2)
1 creature vanquished.

Grand Total: 74 creatures vanquished

Notes
Turn   | Place    | Note
-------+----------+-------------------------------------------
     0 | Abyss:1  | grindst0ne the Hill Orc Abyssal Knight began the quest for the Orb.
     0 | Abyss:1  | Reached XP level 1. HP: 19/19 MP: 2/2
    59 | Abyss:1  | Noticed a raiju
    60 | D:1      | Escaped the Abyss
   155 | D:1      | Reached * piety under Lugonu
   202 | D:1      | Reached XP level 2. HP: 21/27 MP: 3/3
   486 | D:1      | Reached XP level 3. HP: 28/33 MP: 5/5
   775 | D:2      | Found an ancient bone altar of Kikubaaqudgha.
   776 | D:2      | Noticed Sigmund
   992 | D:2      | Killed Sigmund
   992 | D:2      | Reached skill level 5 in Fighting
   992 | D:2      | Reached XP level 4. HP: 33/42 MP: 5/7
   992 | D:2      | Reached XP level 5. HP: 37/48 MP: 5/8
  1045 | D:2      | Reached ** piety under Lugonu
  1099 | D:2      | Noticed a human
  1100 | D:2      | Killed a human
  1466 | D:3      | Noticed Terence
  1484 | D:3      | Killed Terence
  1484 | D:3      | Reached skill level 5 in Axes
  1484 | D:3      | Reached XP level 6. HP: 54/56 MP: 9/9
  1522 | D:3      | Noticed Robin
  1530 | D:3      | Reached skill level 5 in Invocations
  1542 | D:3      | Killed Robin
  1613 | D:3      | Noticed Natasha
  1620 | D:3      | Killed Natasha
  1885 | D:3      | HP: 1/57 [poisoned by a killer bee]
  1885 | D:3      | Slain by a killer bee

Vault maps used:
D:1:      dpeg_arrival_prison, minmay_crystal_room
D:2:      tgw_kikubaaqudgha, uniq_sigmund
D:3:      minmay_gold_behind_fungi, uniq_natasha, uniq_terence, uniq_robin

Skill      XL: |  1  2  3  4  5  6 |
---------------+-------------------+-----
Fighting       | 4 5 |  5.9
Axes           | 3 4 5 |  5.7
Invocations    | 3 4 5 |  5.5
Armour         | |  2.2
Dodging        | |  0.7

Action                   |  1- 3 |  4- 6 || total
-------------------------+-------+-------++-------
Melee: Hand axe          |   112 |   147 ||   259
Invok: Depart the Abyss  |     1 |       ||     1
       Bend Space        |       |     5 ||     5
  Use: Potion            |     2 |     2 ||     4
       Scroll            |       |     7 ||     7
  Eat: Chunk             |       |     3 ||     3
Armor: Leather armour    |    12 |       ||    12
       Ring mail         |    30 |    35 ||    65
       Skin              |       |    23 ||    23
Dodge: Dodged            |    68 |    63 ||   131
